cohdb
Replays
Latest Replays
All Replays
Popular Replays
Top Player Replays
Match Explorer
How It Works
Community
CoH3 Stats
Reddit
Sign in to upload your games and track your stats! →
Sign in with Steam
Match 42798697
Unlisted
Match 42798697
Overview
Messages
Build Orders
End
Pioneer Squad
Construct Infanterie Kompanie
MG 42 Machine Gun Team
Grenadier Squad
Grenadier Squad
MG 42 Machine Gun Team
Selects Breakthrough Battlegroup
Selects Assault Grenadiers
Grenadier Squad
MG 42 Machine Gun Team
Construct Panzergrenadier Kompanie
Pak 40 Anti-tank Gun Team
Selects Breakthrough
251 Medium Carrier
Infanterie Officer Quarters
Selects Incendiary Bombing Run
Panzergrenadier Squad
Construct Panzer Kompanie
Selects Rapid Production
Panzer IV Medium Tank
Selects Blitzkrieg
Incendiary Bombing Run
Panzer IV Medium Tank
Stoßtruppen Squad
Repair Bunker
Panzer IV Medium Tank
UH|ck
iceman
Synatrax
Wolkenfeuer
0
0
Comments
sign in to comment!
No comments posted yet!